[Event "Early-Titled-Tuesday-Blitz-October-03-2023"]
[Site "Chess.com"]
[Date "2023.10.03"]
[Round "2"]
[White "MidnightFox"]
[Black "BatboldNyamsuren0919"]
[Result "0-1"]
[WhiteElo "2480"]
[BlackElo "2299"]
[TimeControl "180+1"]
[EndTime "8:17:33 PDT"]
[Termination "BatboldNyamsuren0919 won by checkmate"]

1. d4 Nf6 2. c4 e6 3. g3 Be7 4.
Bg2 O-O 5. Nf3 d5 6. O-O dxc4 7. Qc2 a6 8. a4 c5 9. dxc5 Bxc5 10. Qxc4 Ba7 11. Nc3 Nc6 12. Rd1 Qe7 13. Bf4 e5 14. Bg5 Be6 15. Qh4 Rfd8 16. Ne4 Rxd1+ 17. Rxd1 Nxe4 18.
Bxe7 Nxf2 19. Ra1 Ng4+ 20. Kf1 Ne3+ 21. Kg1 Nf5+ 22. Kh1 Nxh4 23. Bxh4 f6 24. g4 Bxg4 25. Be1 Nd4 26. Nxd4 Bxd4 27. Bxb7 Rb8 28. Bxa6 Rxb2 29. Rc1 Be6 30. h4 Ra2 31. a5 g5 32. h5 Kg7 33.
Bd3 f5 34. Rc7+ Kf6 35. Bb4 Bd5+ 36. Kh2 g4 37. Be7+ Ke6 38. Bb4 f4 39. a6 Ra1 40.
Re7+ Kf6 41. Rd7 Rh1# 0-1

[Event "Early-Titled-Tuesday-Blitz-October-03-2023"]
[Site "Chess.com"]
[Date "2023.10.03"]
[Round "2"]
[White "ChessLover0108"]
[Black "TERMINATOR_PC"]
[Result "1-0"]
[WhiteElo "2911"]
[BlackElo "2607"]
[TimeControl "180+1"]
[EndTime "8:17:34 PDT"]
[Termination "ChessLover0108 won by resignation"]

1. Nf3 Nf6 2. c4 e6 3. e3 d5 4. b3 b6 5. Bb2 Bb7 6. g3 Nbd7 7. Bg2 Be7 8. O-O O-O 9. Nc3 c5 10. Qe2 Ne4 11. Rad1 Bf6 12. cxd5 Nxc3 13. dxc3 exd5 14. c4 Bxb2 15. Qxb2 Qf6 16. Qe2 d4 17. exd4 Rfe8 18. Qd3 Be4 19. Qc3 Rad8 20. Rfe1 h6 21. Nh4 Bxg2 22.
Rxe8+ Rxe8 23. Kxg2 g5 24. Nf3 g4 25. Nh4 Re4 26.
Qd3 Rxd4 27. Qe2 Ne5 28. Rxd4 cxd4 29. Qe4 d3 30. Qd5 Kg7 31. Kf1 Nf3 32. Nf5+ Kg6 33. Nh4+ Nxh4 34. gxh4 Qf3 35. Qxf3 gxf3 36. Ke1 Kh5 37. b4 Kxh4 38. c5 bxc5 39. bxc5 1-0

[Event "Early-Titled-Tuesday-Blitz-October-03-2023"]
[Site "Chess.com"]
[Date "2023.10.03"]
[Round "2"]
[White "Witty_Alien"]
[Black "Caroexpert"]
[Result "0-1"]
[WhiteElo "2229"]
[BlackElo "2477"]
[TimeControl "180+1"]
[EndTime "8:17:34 PDT"]
[Termination "Caroexpert won by checkmate"]

1. e4 c6 2. d4 d5 3. exd5 cxd5 4.
c4 Nf6 5. Nc3 Nc6 6. Nf3 Bg4 7.
cxd5 Nxd5 8. Qb3 Bxf3 9. gxf3 Nb6 10. Be3 e6 11. Rg1 g6 12. d5 exd5 13. Rd1 d4 14.
Bxd4 Nxd4 15. Bb5+ Nxb5 16. Rxd8+ Rxd8 17. Qxb5+ Rd7 18. Ne4 Bg7 19. a4 O-O 20. a5 Rfd8 21. axb6 Rd1+ 22. Ke2 Rxg1 23. bxa7 Ra1 24. Qxb7 Bd4 25.
Qc7 Ra8 26. Qd7 Bxb2 27. Qb7 R1xa7 28. Qd5 Ra5 29. Qb7 Be5 30. f4 Bxf4 31. Kf3 Bxh2 32. Ng5 Rf5+ 33. Kg2 Rxg5+ 34. Kxh2 Re8 35. Qd7 Rge5 36.
f4 Re2+ 37. Kg3 R8e3+ 38. Kg4 Kg7 39. Qd4+ Kh6 40. Qc5 f5+ 41. Kh4 Rh2# 0-1

[Event "Early-Titled-Tuesday-Blitz-October-03-2023"]
[Site "Chess.com"]
[Date "2023.10.03"]
[Round "2"]
[White "Rozhkov_V"]
[Black "Dewarfd"]
[Result "1-0"]
[WhiteElo "2431"]
[BlackElo "2119"]
[TimeControl "180+1"]
[EndTime "8:17:34 PDT"]
[Termination "Rozhkov_V won on time"]

1. e4 e5 2. Nf3 Nc6 3. Bc4 Nf6 4.
d3 Be7 5. O-O h6 6. Nc3 a6 7. a4 d6 8. Re1 O-O 9. Be3 Be6 10. Bxe6 fxe6 11. Ne2 Ng4 12. Ng3 Nxe3 13. Rxe3 Bg5 14. Re2 Rf7 15. c3 Bf6 16. d4 exd4 17. cxd4 e5 18. d5 Nd4 19. Nxd4 exd4 20. Nf5 Be5 21.
Nxd4 Bxd4 22. Qxd4 Qd7 23. Rc1 Raf8 24. Rec2 Qg4 25.
h3 Qc8 26. a5 Re8 27. b4 Rfe7 28. f3 Rf8 29. Rc3 Rf6 30. Qb6 Rg6 31. Kh2 Qf8 32. Rxc7 Qf4+ 33. Kh1 1-0

[Event "Early-Titled-Tuesday-Blitz-October-03-2023"]
[Site "Chess.com"]
[Date "2023.10.03"]
[Round "2"]
[White "JulbeNn"]
[Black "erugee"]
[Result "1-0"]
[WhiteElo "2495"]
[BlackElo "2248"]
[TimeControl "180+1"]
[EndTime "8:17:35 PDT"]
[Termination "JulbeNn won on time"]

1. e4 e5 2. Nf3 Nc6 3. Bc4 Be7 4. d3 Nf6 5. c3 d6 6. Bb3 O-O 7. Nbd2 Kh8 8. h3 Ng8 9. g4 Be6 10. Bc2 d5 11. Qe2 d4 12. Nf1 g6 13. Ng3 Bf6 14. g5 Bg7 15. h4 Bg4 16. h5 gxh5 17. Nxh5 f5 18. g6 fxe4 19. Nxg7 Kxg7 20. gxh7 Nf6 21.
Ng5 Kh8 22. Qd2 e3 23. fxe3 Nd5 24. exd4 exd4 25. Qg2 Qd7 26. Bd1 Rae8+ 27. Ne4 Bf5 28. Bh6 Bxe4 29. dxe4 Rxe4+ 30. Qxe4 Re8 31. Bg7+ Kxg7 32.
h8=Q+ Rxh8 33. Rg1+ Kf7 34. Qg6+ Ke7 35. Qg7+ Kd6 36.
Qxh8 Qe6+ 37. Be2 Nf4 38. Qf8+ Ne7 39. Qxf4+ Kc6 40. Qxd4 Nf5 41. Qc4+ Qxc4 42. Bxc4 1-0

[Event "Early-Titled-Tuesday-Blitz-October-03-2023"]
[Site "Chess.com"]
[Date "2023.10.03"]
[Round "2"]
[White "verrbaa"]
[Black "Larina_Maria"]
[Result "0-1"]
[WhiteElo "2453"]
[BlackElo "2223"]
[TimeControl "180+1"]
[EndTime "8:17:36 PDT"]
[Termination "Larina_Maria won on time"]

1. Nf3 f5 2. c4 Nf6 3. Nc3 d6 4.
d4 g6 5. g3 Bg7 6. Bg2 O-O 7.
O-O Nc6 8. d5 Na5 9. Qd3 e5 10.
dxe6 Bxe6 11. b3 Nc6 12. Bb2 Ne4 13. Rad1 Nb4 14. Qe3 Nc2 15. Qc1 Bxc3 16. Qxc2 Bxb2 17. Qxb2 Qf6 18. Qxf6 Rxf6 19. Nd4 Bd7 20. f3 Nc5 21. Kf2 Re8 22. Rd2 f4 23. gxf4 Rxf4 24. Kg3 g5 25.
b4 Ne6 26. e3 Rf6 27. Nc2 a6 28. h3 h5 29. Rdf2 Ref8 30. a3 Bc6 31. Nd4 Bd7 32.
Nxe6 Bxe6 33. Rc1 c6 34. c5 d5 35. Rd1 h4+ 36. Kh2 Bf5 37. Rff1 Re8 38. Rfe1 Rfe6 39.
e4 dxe4 40. fxe4 Bxe4 41. Bxe4 Rxe4 42. Rxe4 Rxe4 43. Rd7 Re2+ 44. Kg1 Re3 45. Rxb7 Rxh3 46. Rc7 Rxa3 47. Rxc6 Kf7 48. Rb6 g4 49. c6 g3 50.
Kg2 Ra2+ 51. Kf3 g2 52. c7 g1=Q 53. c8=Q Ra3+ 54. Ke4 Qxb6 0-1

[Event "Early-Titled-Tuesday-Blitz-October-03-2023"]
[Site "Chess.com"]
[Date "2023.10.03"]
[Round "2"]
[White "esrosenberg"]
[Black "AlexPapasimakopoulos"]
[Result "0-1"]
[WhiteElo "2373"]
[BlackElo "2704"]
[TimeControl "180+1"]
[EndTime "8:17:38 PDT"]
[Termination "AlexPapasimakopoulos won by resignation"]

1. Nf3 g6 2. c4 Bg7 3. Nc3 c5 4.
g3 Nc6 5. Bg2 Nf6 6. O-O O-O 7. d4 cxd4 8. Nxd4 Qb6 9. Nb3 Qb4 10.
Nd5 Qxc4 11. Nc7 Rb8 12. Bf4 d6 13. Rc1 Qa4 14. a3 Bg4 15. Nd5 Nxd5 16. Bxd5 Bxb2 17.
Rc4 Qxa3 18. Bh6 Bh3 19. Bxf8 Rxf8 20. Re1 Ne5 21. Rh4 Bd7 22. Nd2 Qc5 23. Nc4 Bc3 24.
Nxe5 Bxe5 25. Qd2 Bg7 26. Rc1 Qa3 27. Rc7 Rd8 28. Rxb7 e6 29. Bf3 d5 30. Qg5 Qa1+ 31.
Kg2 Bf6 32. Qh6 Bxh4 33. Qxh4 f6 34. Qb4 Qa6 35. Qe7 Qxb7 36. Qxd8+ Kf7 37. Qh8 Ke7 38. Qg7+ Kd6 39. Qxf6 a5 40. Qf8+ Kc6 41. e4 a4 42.
exd5+ exd5 43. Bxd5+ Kxd5 44. Qf3+ Kc5 45. Qxb7 Bc6+ 46.
Qxc6+ Kxc6 0-1

[Event "Early-Titled-Tuesday-Blitz-October-03-2023"]
[Site "Chess.com"]
[Date "2023.10.03"]
[Round "2"]
[White "sokidze"]
[Black "The_Sherman_Variation"]
[Result "1-0"]
[WhiteElo "2794"]
[BlackElo "2546"]
[TimeControl "180+1"]
[EndTime "8:17:39 PDT"]
[Termination "sokidze won by checkmate"]

1. d4 Nf6 2. c4 g6 3. Nc3 Bg7 4. e4 d6 5. h3 O-O 6. Bg5 c5 7. d5 e6 8. Bd3 exd5 9. cxd5 Nbd7 10. Nf3 h6 11. Be3 Qe7 12. Nd2 a6 13. a4 Ne5 14.
Be2 g5 15. O-O Ng6 16. Bg4 Bxg4 17. hxg4 Ne5 18. f3 Rfe8 19. Kh1 Rab8 20. Ne2 Nexg4 21. fxg4 Nxg4 22. Bg1 Bxb2 23. Rb1 Be5 24. Ng3 Bxg3 25. Qxg4 Bf4 26. Rxf4 b5 27. axb5 axb5 28.
Rbf1 c4 29. Rxf7 Qxf7 30. Rxf7 Kxf7 31. Qd7+ Re7 32. Qxd6 Rbb7 33. e5 c3 34. e6+ Kg6 35. Ne4 c2 36. Be3 b4 37. Nc5 b3 38. Nxb7 b2 39.
Qxe7 c1=Q+ 40. Kh2 Qf1 41. Qe8+ Kh7 42. Qf7+ Qxf7 43.
exf7 b1=Q 44. f8=Q Qxb7 45. Qf5+ Kg8 46. Qg6+ Kf8 47.
Bc5+ Qe7 48. Qf6+ Kg8 49. Bxe7 h5 50. Qg6+ Kh8 51. Bf6# 1-0

[Event "Early-Titled-Tuesday-Blitz-October-03-2023"]
[Site "Chess.com"]
[Date "2023.10.03"]
[Round "2"]
[White "fabianvivasz"]
[Black "Rodalquilar"]
[Result "0-1"]
[WhiteElo "2435"]
[BlackElo "2728"]
[TimeControl "180+1"]
[EndTime "8:17:39 PDT"]
[Termination "Rodalquilar won by resignation"]

1. e4 d5 2. exd5 Qxd5 3. Nc3 Qa5 4. d4 Nf6 5. Bd2 Bg4 6. f3 Bd7 7. Bc4 Qb6 8. Qe2 e6 9. d5 Bc5 10. dxe6 fxe6 11. O-O-O O-O 12. Nh3 a5 13. Ng5 Re8 14.
Nce4 Bd4 15. c3 Be5 16. f4 Bd6 17. Qd3 Nxe4 18. Qxe4 g6 19. Nxe6 Bxe6 20. Bxe6+ Kh8 21. Qd4+ Qxd4 22. cxd4 Rxe6 23. Bc3 Re8 24. g3 Nd7 25. h4 h5 26. g4 Kh7 27. f5 hxg4 28. Rdf1 g3 29.
fxg6+ Kxg6 30. h5+ Kh7 31. Rf7+ Kg8 32. Rxd7 Rad8 33.
Rxd8 Rxd8 34. h6 Kh7 35. Rf1 Rg8 36. Bd2 g2 37. Rf7+ Kg6 38. Rg7+ Rxg7 39. hxg7 g1=Q+ 40. Kc2 Kxg7 0-1

[Event "Early-Titled-Tuesday-Blitz-October-03-2023"]
[Site "Chess.com"]
[Date "2023.10.03"]
[Round "2"]
[White "K_A_S_T_O_R"]
[Black "Malysch"]
[Result "1-0"]
[WhiteElo "2905"]
[BlackElo "2591"]
[TimeControl "180+1"]
[EndTime "8:17:41 PDT"]
[Termination "K_A_S_T_O_R won on time"]

1. e4 Nf6 2. e5 Nd5 3. d4 d6 4. Nf3 dxe5 5. Nxe5 c6 6. Bd3 Nb4 7. Bc4 Nd5 8. O-O Bf5 9. c3 Nd7 10. Nf3 e6 11. Re1 Bd6 12. Nbd2 N7f6 13. Bb3 O-O 14. Nc4 Be7 15. Nce5 h6 16. a3 c5 17. c4 Nb6 18. Be3 Nbd7 19. Nxd7 Qxd7 20. dxc5 Qc7 21. Bc2 Rfd8 22. Qe2 Bxc2 23. Qxc2 Bxc5 24. Bxc5 Qxc5 25. b4 Qh5 26. Rad1 a5 27. h3 axb4 28. axb4 Rac8 29. Qb3 Rxd1 30. Rxd1 Qf5 31. c5 Nd5 32. Rd4 Ra8 33. Qb2 Nf4 34. Kh2 g5 35. Qb3 Nd5 36.
b5 Qf6 37. Rd1 Qf5 38. g3 Qf6 39. Kg2 Qf5 40. Qb2 Kh7 41. Qd4 Kg8 42. Ne5 Ra2 43.
Ng4 1-0

[Event "Early-Titled-Tuesday-Blitz-October-03-2023"]
[Site "Chess.com"]
[Date "2023.10.03"]
[Round "2"]
[White "jens1102"]
[Black "AsaHoffmann"]
[Result "0-1"]
[WhiteElo "2604"]
[BlackElo "2373"]
[TimeControl "180+1"]
[EndTime "8:17:41 PDT"]
[Termination "AsaHoffmann won by resignation"]

1. e4 d6 2. d4 Nf6 3. Nc3 c6 4. Nf3 Bg4 5. h3 Bh5 6. g4 Bg6 7. Bd3 e6 8. Bf4 d5 9. e5 Nfd7 10. Ne2 c5 11. c3 Nc6 12. O-O Be7 13. Ng3 Qb6 14. b4 cxd4 15. Nxd4 Nxd4 16. Be3 Nxe5 17. Bxd4 Qc7 18. Bb5+ Kf8 19. f4 Nc6 20. Bxc6 bxc6 21.
Qf3 f6 22. Rae1 Bf7 23. g5 c5 24. gxf6 gxf6 25. bxc5 Bxc5 26. Kh2 Be7 27. Re5 Rg8 28.
Re2 Rb8 29. Rfe1 Bd6 30. Rf1 Rg6 31. Nh5 Re8 32. Bxf6 Qc4 33. Be5 Be7 34. Rg2 Qe4 35. Bg7+ Kg8 36. Bf6 Qxf3 37. Rxf3 Rxg2+ 38. Kxg2 Bxh5 39. Rg3+ Bg6 40. Be5 Kf7 41. Rf3 Be4 42. Kf2 Bxf3 43. Kxf3 Bf6 0-1

[Event "Early-Titled-Tuesday-Blitz-October-03-2023"]
[Site "Chess.com"]
[Date "2023.10.03"]
[Round "2"]
[White "bolwin"]
[Black "ErikRonka"]
[Result "0-1"]
[WhiteElo "2247"]
[BlackElo "2483"]
[TimeControl "180+1"]
[EndTime "8:17:41 PDT"]
[Termination "ErikRonka won by resignation"]

1. Nf3 d5 2. c4 c6 3. d4 Nf6 4. Nc3 e6 5. e3 Nbd7 6. Qc2 Bd6 7. b3 O-O 8. Bb2 e5 9. cxd5 cxd5 10. Nb5 Bb4+ 11.
Bc3 Bxc3+ 12. Qxc3 e4 13. Ne5 a6 14. Nd6 Ne8 15.
Nxe8 Rxe8 16. Nxd7 Bxd7 17. Rc1 Qg5 18. g3 Rac8 19.
Qb2 Qe7 20. Rxc8 Rxc8 21. a3 Qd8 22. Be2 Bh3 23. f4 exf3 24. Bxf3 Qe7 25. Kf2 Be6 26. Rc1 Rxc1 27. Qxc1 h6 28. Qc5 Qg5 29. h4 Qf5 30.
b4 Kh7 31. Qd6 Qc2+ 32. Kg1 Qc3 33. Kf2 Qd2+ 34. Be2 Bg4 35. Qf4 Qxe2+ 36. Kg1 Qf3 37. Qxf3 Bxf3 38. Kf2 Be4 39. Ke2 Kg6 40. Kd2 Kf5 41. Kc3 Kg4 42. Kd2 Kxg3 43. Ke1 Kf3 44. Kd2 Kf2 45. Kc3 Kxe3 0-1

[Event "Early-Titled-Tuesday-Blitz-October-03-2023"]
[Site "Chess.com"]
[Date "2023.10.03"]
[Round "2"]
[White "Orest_Vovk"]
[Black "Ranindu2003"]
[Result "1/2-1/2"]
[WhiteElo "2532"]
[BlackElo "2745"]
[TimeControl "180+1"]
[EndTime "8:17:42 PDT"]
[Termination "Game drawn by repetition"]

1. g4 d5 2. h3 e5 3. Bg2 Nc6 4. c4 dxc4 5. Bxc6+ bxc6 6. Nc3 h5 7. Qa4 hxg4 8.
hxg4 Rxh1 9. Qxc6+ Qd7 10. Qxh1 Rb8 11. Qe4 Qxg4 12. Qxe5+ Be6 13. Nf3 Bd6 14. Qg5 Qh3 15. Qxg7 Nf6 16. b3 Ke7 17. Qg1 Rg8 18. Qf1 Qh5 19.
bxc4 Bxc4 20. d3 Bxd3 21. exd3 Qxf3 22. Qe2+ Qxe2+ 23. Kxe2 Be5 24. Bd2 Rb8 25. Rb1 Rxb1 26. Nxb1 Nd5 27. Na3 a6 28. Nc4 Bc3 29. a3 f6 30. Ne3 Nxe3 31. fxe3 Bb2 32. Bb4+ Ke6 33. d4 Kd5 34. Kd3 f5 35. a4 Bc1 36. Ba5 c6 37. Bb6 Ba3 38. Ba7 Bd6 39. Bb6 Bb4 40. Ba7 Be7 41. Bb6 Bg5 42. Ba7 Bd8 43. Bc5 Bc7 44. Ba7 Bd6 45. Bb6 Bb8 46. Bc5 Bc7 47. Ba7 Bd6 1/2-1/2

[Event "Early-Titled-Tuesday-Blitz-October-03-2023"]
[Site "Chess.com"]
[Date "2023.10.03"]
[Round "2"]
[White "Byniolus"]
[Black "pasteta13"]
[Result "1-0"]
[WhiteElo "2749"]
[BlackElo "2424"]
[TimeControl "180+1"]
[EndTime "8:17:42 PDT"]
[Termination "Byniolus won by resignation"]

1. d4 Nf6 2. Nf3 d6 3. Bf4 Nbd7 4. e3 g6 5. h3 Bg7 6. Be2 O-O 7. O-O c6 8. c4 b6 9. Nc3 Qc7 10. Bh2 Bb7 11. Rc1 Rac8 12. b4 e5 13. c5 bxc5 14.
bxc5 dxc5 15. dxe5 Nd5 16. e6 Ne5 17. exf7+ Rxf7 18.
Ne4 Nxf3+ 19. Bxf3 Be5 20. Bxe5 Qxe5 21. Nxc5 Nc3 22.
Qd4 Qxd4 23. exd4 Rxf3 24. gxf3 Ne2+ 25. Kg2 Nxc1 26. Rxc1 Ba8 27. Kg3 Kf7 28. Rc4 Ke7 29.
Ra4 Rc7 30. Kf4 Kd6 31. Ra5 Rf7+ 32. Ke3 Re7+ 33. Kd3 Rf7 34. f4 h6 35. Kc4 Re7 36. h4 Rf7 37. Kd3 Rc7 38. Ne4+ Ke6 39. Re5+ Kf7 40.
f5 gxf5 41. Rxf5+ Kg6 42. Re5 Bb7 43. h5+ Kg7 44. Nc5 Bc8 45. f4 Bg4 46. Ne6+ Bxe6 47.
Rxe6 Rb7 48. Rxc6 Kh7 49. f5 Rf7 50. Ke4 1-0

[Event "Early-Titled-Tuesday-Blitz-October-03-2023"]
[Site "Chess.com"]
[Date "2023.10.03"]
[Round "2"]
[White "Elbebiber"]
[Black "Kaua18"]
[Result "0-1"]
[WhiteElo "2149"]
[BlackElo "2443"]
[TimeControl "180+1"]
[EndTime "8:17:42 PDT"]
[Termination "Kaua18 won on time"]

1. d4 Nf6 2. Bg5 c5 3. Bxf6 exf6 4. c3 d5 5. e3 Nc6 6. Nf3 Bg4 7. dxc5 Bxc5 8. Be2 O-O 9. h3 Be6 10. Nbd2 Re8 11.
Nb3 Bb6 12. Nbd4 Qd6 13. Qa4 Rad8 14. O-O Bd7 15. Qc2 Ne5 16. Rad1 Bc7 17. c4 dxc4 18. Bxc4 Nxc4 19. Qxc4 Qb6 20. b3 Rc8 21. Qd5 Red8 22. Qh5 Bd6 23. Nf5 Bf8 24. Ng3 Bb5 25. Rxd8 Rxd8 26.
Rc1 g6 27. Qg4 Ba3 28. Re1 Bb2 29. Ne4 f5 30. Qg5 fxe4 31. Nd4 Bxd4 32. exd4 Bc6 33. h4 Qxd4 34. h5 Rd5 35. Qe7 Re5 36. Qf6 Rd5 37. Qe7 Rf5 38. Qe8+ Kg7 39. h6+ Kxh6 40.
Qf8+ Kg5 41. Re3 Qd1+ 42. Kh2 Kf6 43. Qh8+ Ke6 44. Qc8+ Qd7 45. Qh8 Rh5+ 46. Kg1 Qd1+ 0-1

[Event "Early-Titled-Tuesday-Blitz-October-03-2023"]
[Site "Chess.com"]
[Date "2023.10.03"]
[Round "2"]
[White "swayamsm"]
[Black "NodariousBIG"]
[Result "0-1"]
[WhiteElo "2578"]
[BlackElo "2844"]
[TimeControl "180+1"]
[EndTime "8:17:43 PDT"]
[Termination "NodariousBIG won on time"]

1. d4 d5 2. Nf3 Nf6 3. c4 e6 4.
Nc3 dxc4 5. Bf4 a6 6. a4 Nc6 7. e3 Na5 8. Nd2 Nd5 9. Nxc4 Nxc4 10.
Bxc4 Nxf4 11. exf4 Bb4 12. O-O O-O 13. Qd3 Qd6 14. g3 Rd8 15. Rfd1 Bxc3 16. bxc3 b6 17. Qf3 Rb8 18. Bd3 Bb7 19. Be4 Bxe4 20. Qxe4 Qd5 21. Qxd5 Rxd5 22. Kf1 h5 23. h4 Rbd8 24. Ke2 Kf8 25.
Ke3 Ke7 26. c4 Ra5 27. Rdb1 Kf6 28. Rb4 Kf5 29. f3 Kf6 30. Rab1 Ke7 31. R1b3 Rh8 32.
Rd3 Rh6 33. d5 exd5 34. cxd5 Rd6 35. Re4+ Kd7 36. Red4 b5 37. axb5 Rxb5 38. f5 Kc8 39. Kf4 f6 40. g4 Kb7 41. gxh5 Kb6 42. Kg4 Rb1 43. h6 gxh6 44. Kh5 Rd8 45. Kg6 Rd6 46. Kxh6 a5 47. h5 Kb5 48. Kg7 a4 49. h6 Rh1 50.
Rg4 c5 51. Rg6 c4 52. Re3 Kb4 53. Rxf6 Rxf6 0-1

[Event "Early-Titled-Tuesday-Blitz-October-03-2023"]
[Site "Chess.com"]
[Date "2023.10.03"]
[Round "2"]
[White "nrvignesh"]
[Black "zajka-molotok"]
[Result "1/2-1/2"]
[WhiteElo "2822"]
[BlackElo "2587"]
[TimeControl "180+1"]
[EndTime "8:17:43 PDT"]
[Termination "Game drawn by repetition"]

1. e4 c6 2. Nc3 d5 3. Nf3 Bg4 4.
h3 Bxf3 5. Qxf3 e6 6. d4 Nf6 7. a3 dxe4 8. Qe3 Nd5 9. Qxe4 Nxc3 10. bxc3 Be7 11. Bd3 Qd5 12. Qg4 O-O 13. O-O Nd7 14. c4 Qa5 15. Bh6 Bf6 16. Qe4 Qf5 17. Qe2 Qa5 18. Bd2 Qc7 19. Qe4 g6 20. c5 Bg7 21.
f4 Rad8 22. c3 b6 23. cxb6 axb6 24. Qe2 c5 25. Be3 cxd4 26. cxd4 Nf6 27. Rfc1 Qd6 28. Bc4 Nd5 29. Bxd5 Qxd5 30. Rd1 Qe4 31. Qd3 Qxd3 32. Rxd3 Rd5 33. Rb1 b5 34. Kf2 Rc8 35. Rb2 Rc4 36.
g3 Bxd4 37. Rxd4 Rcxd4 38. Bxd4 Rxd4 39. Rxb5 Rd3 40. a4 Ra3 41. Ra5 h5 42. h4 Kg7 43.
Ra7 Kf6 44. a5 Kg7 45. a6 Kf6 46. Kg2 Kg7 47. Kh3 Ra2 48. Ra8 Kf6 49. Ra7 Kg7 50. Ra8 Kf6 51. Ra7 Kg7 1/2-1/2

[Event "Early-Titled-Tuesday-Blitz-October-03-2023"]
[Site "Chess.com"]
[Date "2023.10.03"]
[Round "2"]
[White "carokannlover213"]
[Black "Wizard_97"]
[Result "1-0"]
[WhiteElo "2753"]
[BlackElo "2524"]
[TimeControl "180+1"]
[EndTime "8:17:44 PDT"]
[Termination "carokannlover213 won by resignation"]

1. e4 c5 2. Nf3 d6 3. d4 cxd4 4. Nxd4 Nf6 5. Nc3 g6 6. Be2 Bg7 7. O-O O-O 8. Bg5 Nc6 9. Re1 Bd7 10. Nb3 Rc8 11. Bf1 Na5 12. Nd5 Nc4 13. Nxf6+ exf6 14. Bc1 Be6 15. Nd4 Qe7 16. Nf5 Bxf5 17. exf5 Qc7 18. c3 Rfe8 19. b3 Ne5 20. c4 Rcd8 21. Be3 b6 22. Qd5 Ng4 23. Bd4 Qd7 24. h3 Ne5 25. fxg6 hxg6 26. f4 Nc6 27. Bc3 Ne7 28.
Qf3 d5 29. Rad1 Qc7 30. cxd5 Nf5 31. Rxe8+ Rxe8 32. Bb4 Re3 33. d6 Qd7 34. Qa8+ Kh7 35. Qb8 Ng3 36. Qc7 Qf5 37. d7 Qxf4 38. Qxf4 Ne2+ 39.
Bxe2 Rxe2 40. d8=Q 1-0

[Event "Early-Titled-Tuesday-Blitz-October-03-2023"]
[Site "Chess.com"]
[Date "2023.10.03"]
[Round "2"]
[White "Zq1"]
[Black "ChessQueen"]
[Result "0-1"]
[WhiteElo "2518"]
[BlackElo "2738"]
[TimeControl "180+1"]
[EndTime "8:17:44 PDT"]
[Termination "ChessQueen won on time"]

1. d4 Nf6 2. c4 e6 3. Nf3 d5 4. e3 c6 5. Nbd2 Be7 6. Bd3 O-O 7. O-O Nbd7 8. b3 b6 9. Bb2 Bb7 10. e4 dxe4 11. Nxe4 Nxe4 12. Bxe4 Nf6 13. Bc2 c5 14.
dxc5 Bxc5 15. Qe2 Qe7 16. Rad1 Rfd8 17. Ne5 Rxd1 18. Rxd1 Rd8 19. h3 Rxd1+ 20. Qxd1 Qd6 21. Qxd6 Bxd6 22. Kf1 h5 23. f3 Kf8 24. h4 Ke7 25. Ke2 g6 26. Bc3 Nd7 27. Nxd7 Kxd7 28. Bf6 Bg3 29. Be4 Bxe4 30. fxe4 e5 31. Kf3 Bh2 32. b4 Ke6 33. Bd8 Bg1 34. a4 Bd4 35. a5 Kd7 36. Bf6 Bc3 37. axb6 axb6 38. b5 Kd6 39.
Ke2 Bd4 40. Kd3 Ke6 41. Bd8 f6 42. Ke2 f5 43. Kf3 Bc5 44. Bg5 Bd4 45. Bd8 Kd6 46.
exf5 gxf5 47. Ke2 Kc5 48. Kd3 e4+ 0-1

[Event "Early-Titled-Tuesday-Blitz-October-03-2023"]
[Site "Chess.com"]
[Date "2023.10.03"]
[Round "2"]
[White "Kotofeyca"]
[Black "NikolaGry"]
[Result "0-1"]
[WhiteElo "2388"]
[BlackElo "2712"]
[TimeControl "180+1"]
[EndTime "8:17:44 PDT"]
[Termination "NikolaGry won on time"]

1. d4 d5 2. c4 Nc6 3. cxd5 Qxd5 4. Nf3 e5 5. Nc3 Bb4 6. Bd2 Bxc3 7. Bxc3 e4 8. Ne5 Nge7 9. e3 Nxe5 10. dxe5 Bd7 11.
e6 Qxe6 12. Bxg7 Rg8 13. Bd4 O-O-O 14. Qc2 Nc6 15. Bc3 f5 16. g3 Ne5 17. Bxe5 Qxe5 18.
Be2 Bc6 19. O-O f4 20. exf4 Qxf4 21. Rad1 Rxd1 22. Bxd1 Qe5 23. Qc3 Qxc3 24. bxc3 Rd8 25. Bb3 Rd2 26. Rd1 Rxd1+ 27. Bxd1 Bd5 28. a3 Kd7 29. Kf1 Kd6 30. Ke2 Ke5 31. Ke3 c5 32. h4 b5 33. g4 a5 34. Bc2 b4 35.
cxb4 cxb4 36. axb4 axb4 37. g5 b3 38. Bb1 Bc6 39.
h5 Kf5 40. g6 hxg6 41. h6 Kf6 42. Kd4 g5 43. Kc4 g4 44. Kxb3 e3 45. h7 Kg7 46. fxe3 g3 0-1

[Event "Early-Titled-Tuesday-Blitz-October-03-2023"]
[Site "Chess.com"]
[Date "2023.10.03"]
[Round "2"]
[White "Witik"]
[Black "lefonghua"]
[Result "1-0"]
[WhiteElo "2841"]
[BlackElo "2583"]
[TimeControl "180+1"]
[EndTime "8:17:46 PDT"]
[Termination "Witik won by resignation"]

1. d4 Nf6 2. c4 c5 3. d5 e6 4. Nc3 exd5 5. cxd5 d6 6. e4 g6 7. h3 Bg7 8. Bd3 a6 9. a4 Nbd7 10. Nf3 Nh5 11. g4 Nhf6 12. Bf4 h5 13. g5 Nh7 14. h4 Qe7 15. Bg3 O-O 16. Qd2 Re8 17. Kf1 f6 18. Kg2 Ne5 19. Nxe5 fxe5 20. a5 Rf8 21. Be2 Rf7 22. Na4 Bd7 23. Nb6 Raf8 24.
Nxd7 Qxd7 25. b4 Rc8 26. Rab1 c4 27. Rhc1 Qb5 28. Kg1 Rfc7 29. Qe3 Nf8 30. Bf1 Nd7 31. Bh3 Rf8 32. Rc2 Qa4 33. Qe2 c3 34. Qd3 Rf3 35. Qxf3 Qxc2 36. Qd1 Qxd1+ 37. Rxd1 Nf8 38. Rc1 Rc4 39.
f3 Kf7 40. Rc2 Ke7 41. Be1 Rxb4 42. Rxc3 Rb1 43. Kf2 Rb2+ 44. Kg3 Rb1 45. Bf2 Ra1 46. Rc7+ Ke8 47. Rxg7 Rxa5 48. Rxb7 Ra2 49. Bb6 a5 50. Bc7 a4 51. Bxd6 1-0

[Event "Early-Titled-Tuesday-Blitz-October-03-2023"]
[Site "Chess.com"]
[Date "2023.10.03"]
[Round "2"]
[White "a-z30"]
[Black "LuisFSiles"]
[Result "1-0"]
[WhiteElo "2508"]
[BlackElo "2282"]
[TimeControl "180+1"]
[EndTime "8:17:48 PDT"]
[Termination "a-z30 won on time"]

1. d4 Nf6 2. c4 g6 3. Nc3 Bg7 4. e4 d6 5. Nf3 O-O 6. Be2 c5 7. O-O Nc6 8. d5 Na5 9. h3 e5 10. a3 b6 11. b4 Nb7 12. Be3 Nd7 13. Ne1 f5 14. f3 f4 15. Bf2 g5 16. Nd3 h5 17. Rb1 Nf6 18. bxc5 bxc5 19. Qa4 g4 20. fxg4 hxg4 21. Bxg4 Nxg4 22. hxg4 Rf7 23. Rb3 Bf6 24. Rfb1 Bh4 25. Qc6 Rb8 26. Nb5 Bd7 27. Qc7 Bxf2+ 28.
Nxf2 Bxb5 29. Qxd8+ Nxd8 30. Rxb5 Rfb7 31. Nd1 a6 32.
Rxb7 Rxb7 33. Rxb7 Nxb7 34. Kf2 Na5 35. Nb2 Kf7 36.
g3 Kf6 37. gxf4 exf4 38. Kf3 Kg5 39. e5 dxe5 40. d6 Nc6 41. Nd3 Nd4+ 42. Ke4 Kxg4 43. Nxe5+ Kg3 44. d7 1-0

[Event "Early-Titled-Tuesday-Blitz-October-03-2023"]
[Site "Chess.com"]
[Date "2023.10.03"]
[Round "2"]
[White "Ariadna_Atreides"]
[Black "Biregina"]
[Result "0-1"]
[WhiteElo "2204"]
[BlackElo "2467"]
[TimeControl "180+1"]
[EndTime "8:17:48 PDT"]
[Termination "Biregina won by resignation"]

1. d4 b6 2. e4 Bb7 3. f3 e6 4.
Be3 Qh4+ 5. Bf2 Qh6 6. Qd2 f5 7. exf5 exf5 8. Qxh6 Nxh6 9. Nd2 Kf7 10. O-O-O d5 11.
Nh3 Bd6 12. Ng5+ Kg6 13. h4 Nf7 14. Bd3 Nxg5 15. hxg5 Nc6 16. g4 Bc8 17. Rde1 Nb4 18. gxf5+ Kxg5 19. Bh4+ Kf4 20. f6 Nxd3+ 21. cxd3 g5 22.
Bf2 Kf5 23. f7 Be6 24. Rh6 Bxf7 25. Nf1 Bf4+ 26. Be3 Rae8 27. Kd2 Bg6 28. Rc1 Re7 29. Rc6 Rhe8 30. Bxf4 gxf4 31. Nh2 Re2+ 32. Kc3 R8e6 33. Rxc7 Re7 34. Rc6 Kg5 35. Ng4 R2e6 36. Rxe6 Rxe6 37. Rh2 Rc6+ 38. Kd2 Kf5 39. Ne5 Re6 40. Rg2 Rf6 41. Nd7 Rf7 42. Ne5 Rg7 43. Nxg6 Rxg6 44. Kc3 Rxg2 45.
a3 Rg3 0-1